BSA
NASHVILLE G-STRINGS @ VISTA PANTHERS
10/02/2030
 
TOP OF THE 1ST
Nashville G-Strings batting - Pitching for Vista Panthers : LHP Andrew Caine
Pitching: LHP Andrew Caine
Batting: RHB Eric Thompson 0-0: Swinging Strike
0-1: Ball
1-1: Ball
2-1: Fly out, F9 (Flyball, 9LS)
Batting: RHB Jesús Cabrera 0-0: Ball
1-0: Ball
2-0: Ball
3-0: Called Strike
3-1: DOUBLE (Line Drive, 89D)
Batting: RHB Sergio Márquez 0-0: Ball
1-0: Ball
2-0: Called Strike
2-1: Ball
3-1: Base on Balls
Batting: SHB Rob Grun 0-0: Fly out, F8 (Flyball, 78D)
Batting: LHB Miguel Rivería 0-0: Called Strike
0-1: Ball
1-1: Swinging Strike
1-2: Ball
2-2: Foul Ball, location: 2F
2-2: Strikes out swinging
Top of the 1st over - 0 runs, 1 hit, 0 errors, 2 left on base; Nashville 0 - Vista 0
BOTTOM OF THE 1ST
Vista Panthers batting - Pitching for Nashville G-Strings : LHP George Moore
Pitching: LHP George Moore
Batting: RHB Stephen Wilson 0-0: Called Strike
0-1: Ball
1-1: Ball
2-1: Ball
3-1: Base on Balls
Batting: RHB Jake Reeves 0-0: Swinging Strike
0-1: Foul Ball, location: 2F
0-2: Strikes out swinging
Batting: RHB Salvador Salas 0-0: Grounds into double play, 4-6-3 (Groundball, 4)
Bottom of the 1st over - 0 runs, 0 hits, 0 errors, 0 left on base; Nashville 0 - Vista 0
TOP OF THE 2ND
Nashville G-Strings batting - Pitching for Vista Panthers : LHP Andrew Caine
Batting: SHB Jorge Flores 0-0: Ball
1-0: Ball
2-0: Ball
3-0: Base on Balls
Batting: LHB Bob Cunningham 0-0: Ball
1-0: Called Strike
Jorge Flores is caught stealing 2nd base
1-1: Foul Ball, location: 2F
1-2: Strikes out swinging
Batting: RHB Juan Costello 0-0: DOUBLE (Groundball, 5L)
Batting: RHB Vicente Aguirre 0-0: Ball
1-0: Called Strike
1-1: Ball
2-1: Ball
3-1: Base on Balls
Batting: RHB Eric Thompson Pickoff Throw to Second - Error! E1
Juan Costello to third
Vicente Aguirre to second
0-0: Called Strike
0-1: Ground out 6-3 (Groundball, 6)
Top of the 2nd over - 0 runs, 1 hit, 1 error, 2 left on base; Nashville 0 - Vista 0
BOTTOM OF THE 2ND
Vista Panthers batting - Pitching for Nashville G-Strings : LHP George Moore
Batting: LHB Clyde Yarbrough 0-0: Foul Ball, location: 2F
0-1: Ball
1-1: Foul Ball, location: 2F
1-2: Ground out U3 (Groundball, 3S)
Batting: LHB Dante Owens 0-0: Ball
1-0: Swinging Strike
1-1: Ball
2-1: Ground out 4-3 (Groundball, 4)
Batting: RHB Johnny Williams 0-0: Ball
1-0: Ball
2-0: SOLO HOME RUN (Flyball, 7D), Distance : 416 ft
Batting: RHB Phil Matthews 0-0: Swinging Strike
0-1: TRIPLE (Line Drive, 89XD)
Batting: RHB Justin Burgess 0-0: Ball
1-0: Ball
2-0: Foul Ball, location: 2F
2-1: Ball
3-1: Ground out U3 (Groundball, 3)
Bottom of the 2nd over - 1 run, 2 hits, 0 errors, 1 left on base; Nashville 0 - Vista 1
TOP OF THE 3RD
Nashville G-Strings batting - Pitching for Vista Panthers : LHP Andrew Caine
Batting: RHB Jesús Cabrera 0-0: Foul Ball, location: 2F
0-1: Swinging Strike
0-2: Strikes out swinging
Batting: RHB Sergio Márquez 0-0: Called Strike
0-1: Ball
1-1: DOUBLE (Line Drive, 7D)
Batting: SHB Rob Grun 0-0: Called Strike
0-1: Foul Ball, location: 2F
0-2: Ball
1-2: Fly out, F7 (Flyball, 7)
Batting: LHB Miguel Rivería 0-0: Called Strike
0-1: Swinging Strike
0-2: Strikes out swinging
Top of the 3rd over - 0 runs, 1 hit, 0 errors, 1 left on base; Nashville 0 - Vista 1
BOTTOM OF THE 3RD
Vista Panthers batting - Pitching for Nashville G-Strings : LHP George Moore
Batting: RHB Luis Ríos 0-0: Called Strike
0-1: Ball
1-1: SINGLE (Line Drive, 7LS)
Batting: RHB Stephen Wilson 0-0: Ball
1-0: Ball
2-0: Foul Ball, location: 2F
2-1: SINGLE (Line Drive, 34)
Luis Ríos to second
Batting: RHB Jake Reeves 0-0: Fly out, F3 (Popup, 23F)
Batting: RHB Salvador Salas 0-0: Ball
1-0: Called Strike
1-1: Foul Ball, location: 2F
1-2: SINGLE (Line Drive, 7S)
Luis Ríos to third
Stephen Wilson to second
Batting: LHB Clyde Yarbrough 0-0: Ball
1-0: Ball
2-0: Called Strike
2-1: Ball
3-1: Foul Ball, location: 2F
3-2: Base on Balls
Luis Ríos scores
Stephen Wilson to third
Salvador Salas to second
Batting: LHB Dante Owens 0-0: Ball
1-0: Swinging Strike
1-1: Foul Ball, location: 2F
1-2: Foul Ball, location: 2F
1-2: Ball
2-2: Fly out, F8 (Flyball, 8RS)
Runner from 3rd tags up, SCORES, no throw
Batting: RHB Johnny Williams 0-0: Ball
1-0: Called Strike
1-1: Called Strike
1-2: Ball
2-2: Ball
3-2: Base on Balls
Salvador Salas to third
Clyde Yarbrough to second
Batting: RHB Phil Matthews 0-0: Foul Ball, location: 2F
0-1: Ball
1-1: SINGLE (Line Drive, 6)
Salvador Salas scores
Clyde Yarbrough to third
Johnny Williams to second
Runner from 3rd tries for Home, throw and OUT!
Bottom of the 3rd over - 3 runs, 4 hits, 0 errors, 2 left on base; Nashville 0 - Vista 4
TOP OF THE 4TH
Nashville G-Strings batting - Pitching for Vista Panthers : LHP Andrew Caine
Batting: SHB Jorge Flores 0-0: Foul Ball, location: 2F
0-1: Ball
1-1: Foul Ball, location: 2F
1-2: Ball
2-2: Fly out, F7 (Line Drive, 7)
Batting: LHB Bob Cunningham 0-0: Ball
1-0: Fly out, F6 (Popup, 6)
Batting: RHB Juan Costello 0-0: Fly out, F4 (Line Drive, 4MD)
Top of the 4th over - 0 runs, 0 hits, 0 errors, 0 left on base; Nashville 0 - Vista 4
BOTTOM OF THE 4TH
Vista Panthers batting - Pitching for Nashville G-Strings : LHP George Moore
Batting: RHB Justin Burgess 0-0: Ball
1-0: Foul Ball, location: 2F
1-1: Ball
2-1: Ball
3-1: Foul Ball, location: 2F
3-2: Base on Balls
Batting: RHB Luis Ríos 0-0: Called Strike
0-1: Ball
1-1: Ball
2-1: Fielders Choice at 2nd, 6-4 (Groundball, 56D)
Batting: RHB Stephen Wilson 0-0: Foul Ball, location: 2F
0-1: Ball
1-1: Called Strike
1-2: Ball
2-2: SINGLE (Line Drive, 8LS)
Luis Ríos to second
Batting: RHB Jake Reeves 0-0: Foul Ball, location: 2F
0-1: Swinging Strike
0-2: Foul Ball, location: 2F
0-2: Strikes out looking
Batting: RHB Salvador Salas 0-0: SINGLE (Groundball, 56S) (infield hit)
Luis Ríos to third
Stephen Wilson to second
Batting: LHB Clyde Yarbrough 0-0: Ground out U3 (Groundball, 34S)
Bottom of the 4th over - 0 runs, 2 hits, 0 errors, 3 left on base; Nashville 0 - Vista 4
TOP OF THE 5TH
Nashville G-Strings batting - Pitching for Vista Panthers : LHP Andrew Caine
Batting: RHB Vicente Aguirre 0-0: Foul Ball, location: 2F
0-1: Foul Ball, location: 2F
0-2: Fly out, F7 (Flyball, 7)
Batting: RHB Eric Thompson 0-0: Called Strike
0-1: Foul Ball, location: 2F
0-2: Ball
1-2: Strikes out swinging
Batting: RHB Jesús Cabrera 0-0: Swinging Strike
0-1: Ball
1-1: Ball
2-1: Foul Ball, location: 2F
2-2: Strikes out swinging
Top of the 5th over - 0 runs, 0 hits, 0 errors, 0 left on base; Nashville 0 - Vista 4
BOTTOM OF THE 5TH
Vista Panthers batting - Pitching for Nashville G-Strings : LHP George Moore
Batting: LHB Dante Owens 0-0: Ball
1-0: Foul Ball, location: 2F
1-1: Ball
2-1: Ground out U3 (Groundball, 3L)
Batting: RHB Johnny Williams 0-0: Ball
1-0: Ball
2-0: Ball
3-0: Called Strike
3-1: Base on Balls
Batting: RHB Phil Matthews 0-0: Foul Ball, location: 2F
0-1: DOUBLE (Line Drive, 78M)
Johnny Williams to third
Johnny Williams scores
Pitching: RHP Barry Garner
Batting: RHB Justin Burgess 0-0: Called Strike
0-1: Ball
1-1: Ball
2-1: Called Strike
2-2: Strikes out swinging
Batting: RHB Luis Ríos 0-0: Reached on error, E4 (Groundball, 4M)
Phil Matthews scores
Batting: RHB Stephen Wilson 0-0: Foul Ball, location: 2F
0-1: Ball
1-1: Fly out, F1 (Line Drive, 15)
Bottom of the 5th over - 2 runs, 1 hit, 1 error, 1 left on base; Nashville 0 - Vista 6
TOP OF THE 6TH
Nashville G-Strings batting - Pitching for Vista Panthers : LHP Andrew Caine
Batting: RHB Sergio Márquez 0-0: Called Strike
0-1: Ball
1-1: Ball
2-1: Foul Ball, location: 2F
2-2: Fly out, F7 (Flyball, 7D)
Batting: SHB Rob Grun 0-0: Ball
1-0: Swinging Strike
1-1: Foul Ball, location: 2F
1-2: Ball
2-2: Strikes out looking
Batting: LHB Miguel Rivería 0-0: Ball
1-0: Called Strike
1-1: Fly out, F9 (Flyball, 9LDF)
Top of the 6th over - 0 runs, 0 hits, 0 errors, 0 left on base; Nashville 0 - Vista 6
BOTTOM OF THE 6TH
Vista Panthers batting - Pitching for Nashville G-Strings : RHP Barry Garner
Batting: RHB Jake Reeves 0-0: Ball
1-0: Called Strike
1-1: Foul Ball, location: 2F
1-2: Ball
2-2: Ball
3-2: Foul Ball, location: 2F
3-2: Fly out, F7 (Flyball, 7S)
Batting: RHB Salvador Salas 0-0: Called Strike
0-1: Ground out 5-3 (Groundball, 56S)
Batting: LHB Clyde Yarbrough 0-0: Ball
1-0: Fly out, F7 (Flyball, 7LM)
Bottom of the 6th over - 0 runs, 0 hits, 0 errors, 0 left on base; Nashville 0 - Vista 6
TOP OF THE 7TH
Nashville G-Strings batting - Pitching for Vista Panthers : LHP Andrew Caine
Batting: SHB Jorge Flores 0-0: Ground out 1-3 (Groundball, P)
Batting: LHB Bob Cunningham 0-0: Ball
1-0: Foul Ball, location: 2F
1-1: Foul Ball, location: 2F
1-2: Foul Ball, location: 2F
1-2: Foul Ball, location: 2F
1-2: Strikes out swinging
Batting: RHB Juan Costello 0-0: Foul Ball, location: 2F
0-1: Called Strike
0-2: Ball
1-2: Ball
2-2: Ball
3-2: Foul Ball, location: 2F
3-2: Base on Balls
Batting: RHB Vicente Aguirre 0-0: Called Strike
0-1: Fly out, F9 (Flyball, 9)
Top of the 7th over - 0 runs, 0 hits, 0 errors, 1 left on base; Nashville 0 - Vista 6
BOTTOM OF THE 7TH
Vista Panthers batting - Pitching for Nashville G-Strings : RHP Barry Garner
Batting: LHB Dante Owens 0-0: SOLO HOME RUN (Flyball, 9LD), Distance : 323 ft
Batting: RHB Johnny Williams 0-0: Foul Ball, location: 2F
0-1: Swinging Strike
0-2: Foul Ball, location: 2F
0-2: Strikes out swinging
Batting: RHB Phil Matthews 0-0: Foul Ball, location: 2F
0-1: Ball
1-1: Foul Ball, location: 2F
1-2: SINGLE (Line Drive, 89S)
Batting: RHB Justin Burgess 0-0: Ball
Wild Pitch!
Phil Matthews to second
1-0: Foul Ball, location: 2F
1-1: 2-RUN HOME RUN (Flyball, 7LD), Distance : 404 ft
Pitching: RHP Noriyuki Matsui
Batting: RHB Luis Ríos 0-0: Ball
1-0: Ball
2-0: Foul Ball, location: 2F
2-1: SINGLE (Groundball, 6M) (infield hit)
Batting: RHB Stephen Wilson 0-0: Called Strike
Luis Ríos is caught stealing 2nd base
0-1: Ball
1-1: Swinging Strike
1-2: Ball
2-2: Ball
3-2: Fly out, F8 (Flyball, 8RD)
Bottom of the 7th over - 3 runs, 4 hits, 0 errors, 0 left on base; Nashville 0 - Vista 9
TOP OF THE 8TH
Nashville G-Strings batting - Pitching for Vista Panthers : LHP Andrew Caine
Batting: RHB Eric Thompson 0-0: Ball
1-0: Ball
2-0: Ground out 5-3 (Groundball, 56S)
Pitching: RHP José Salinas
Batting: RHB Jesús Cabrera 0-0: Ball
1-0: Foul Ball, location: 2F
1-1: SINGLE (Flyball, 8LS)
Batting: RHB Sergio Márquez 0-0: Ball
1-0: Ball
2-0: Ball
3-0: Base on Balls
Jesús Cabrera to second
Batting: SHB Rob Grun 0-0: Ball
1-0: Called Strike
1-1: SINGLE (Line Drive, 6D)
Jesús Cabrera to third
Sergio Márquez to second
Runner from 3rd tries for Home, SAFE, no throw
Batting: LHB Miguel Rivería 0-0: Foul Ball, location: 2F
0-1: Swinging Strike
0-2: Foul Ball, location: 2F
0-2: Strikes out swinging
Batting: SHB Jorge Flores 0-0: SINGLE (Groundball, 4MD)
Sergio Márquez to third
Rob Grun to second
Runner from 3rd tries for Home, SAFE, throw made home
Batting: LHB Bob Cunningham 0-0: Foul Ball, location: 2F
0-1: Swinging Strike
0-2: Strikes out swinging
Top of the 8th over - 2 runs, 3 hits, 0 errors, 2 left on base; Nashville 2 - Vista 9
BOTTOM OF THE 8TH
Vista Panthers batting - Pitching for Nashville G-Strings : RHP Noriyuki Matsui
Batting: RHB Jake Reeves 0-0: Called Strike
0-1: Foul Ball, location: 2F
0-2: Ball
1-2: Ground out 5-3 (Groundball, 56S)
Batting: RHB Salvador Salas 0-0: Ball
1-0: Foul Ball, location: 2F
1-1: Ball
2-1: Ball
3-1: SINGLE (Groundball, 6MD)
Batting: LHB Clyde Yarbrough 0-0: Foul Ball, location: 2F
0-1: Ball
1-1: Called Strike
1-2: Ground out 5-3 (Groundball, 56S)
Salvador Salas to second
Batting: LHB Dante Owens 0-0: Ground out 5-3 (Groundball, 6)
Bottom of the 8th over - 0 runs, 1 hit, 0 errors, 1 left on base; Nashville 2 - Vista 9
TOP OF THE 9TH
Nashville G-Strings batting - Pitching for Vista Panthers : RHP José Salinas
Batting: RHB Juan Costello 0-0: Called Strike
0-1: Ball
1-1: Called Strike
1-2: Ball
2-2: Strikes out swinging
Batting: RHB Vicente Aguirre 0-0: Ball
1-0: SINGLE (Groundball, 34D)
Batting: RHB Eric Thompson 0-0: Called Strike
0-1: Fielders Choice at 2nd, 6-4 (Groundball, 6)
Batting: RHB Jesús Cabrera 0-0: Ball
1-0: Called Strike
1-1: Foul Ball, location: 2F
1-2: Ground out 5-3 (Groundball, 56S)
Top of the 9th over - 0 runs, 1 hit, 0 errors, 1 left on base; Nashville 2 - Vista 9
Saturday, April 7th, 2018 - OOTP Baseball 18.8 Build 76